 Dungeon Crawl Stone Soup version 0.23.1 (webtiles) character file.

Game seed: 0

16 Kairos the Sneak (level 2, 15/15 HPs)
             Began as a Vine Stalker Assassin on Mar 7, 2019.
             Quit the game on level 1 of the Dungeon on Mar 8, 2019.
             The game lasted 00:01:10 (832 turns).

Kairos the Sneak (Vine Stalker Assassin)             Turns: 832, Time: 00:01:11

Health: 15/15      AC:  3    Str: 13    XL:     2   Next: 54%
Magic:  3/3        EV: 11    Int: 11    God:
Gold:   43         SH:  0    Dex: 15    Spells: 1/1 levels left

rFire    . . .     SeeInvis .   a - +2 dagger
rCold    . . .     Gourm    .   (no shield)
rNeg     . . .     Faith    .   c - +0 robe
rPois    .         Spirit   +   (no helmet)
rElec    .         Reflect  .   d - +0 cloak
rCorr    .         Harm     .   (no gloves)
MR       .....                  (no boots)
Stlth    +++.......             (no amulet)
HPRegen  0.05/turn              (no ring)
MPRegen  0.08/turn              (no ring)

@: no status effects
A: fangs 2, magic shield, antimagic bite, no potion heal 3, rot immunity
a: no special abilities


You were on level 1 of the Dungeon.
You were not hungry.

You visited 1 branch of the dungeon, and saw 1 of its levels.

You collected 43 gold pieces.

Inventory:

Hand Weapons
 a - a +2 dagger (weapon)
 b - a +0 blowgun
Missiles
 e - 8 poisoned needles
 f - 2 curare-tipped needles
Armour
 c - a +0 robe (worn)
 d - a +0 cloak (worn)
Scrolls
 h - a scroll of remove curse
 i - a scroll of teleportation
 k - 2 scrolls of identify
Potions
 j - a potion of agility
Comestibles
 g - a ration


   Skills:
 + Level 1.8 Fighting
 + Level 1.8 Short Blades
 + Level 1.7 Throwing
 + Level 0.7 Dodging
 + Level 5.7 Stealth


You had one spell level left.
You didn't know any spells.
Your spell library was empty.

Dungeon Overview and Level Annotations

Branches:
Dungeon (1/15)

Altars:


Innate Abilities, Weirdness & Mutations

You have extremely sharp teeth.
When hurt, damage is shared between your health and your magic reserves.
Your bite disrupts and absorbs the magic of your enemies.
Potions cannot restore your health.
You are immune to rotting.


Message History

Partly explored, can't reach some places.
No target in view!
Partly explored, can't reach some places.
No target in view!
Blink to where?
Press: ? - help, Dir - move target cursor Splash!
You are very lightly contaminated with residual magic.
As you read the scroll labeled LIPACIULELI, it crumbles to dust.
It was a scroll of blinking.
You don't have any unidentified items.
Unknown command.
There is an open door here.
You enter the shallow water.
Moving in this stuff is going to be slow.
There is an open door here.
There is an open door here.
Your magical contamination has completely faded away.
There is a stone staircase leading down here.
Are you sure you want to abandon this character and quit the game? (Confirm with "yes".)

#####.......##...........# #....
#.......###..........####.### ###
#.......# #............##.### ≈≈#
#.......# #..........#.#....#
≈≈###.......####.....+####.####.#
≈≈'.#..........#.....+...#)#..#.#
≈≈#.#.......##.#.....###.#.#..#.#
≈≈#.#######.##.#......>....#..#.#
###.'.......##.#@.....##........#
....##########.#......###########
....# #......#....#............
....#####.########...............
....#.....# #...........##..
....#.##### #...........##..
....#'############.############..
................##'#...#.........
........#######.#....#.#.########


There were no monsters in sight!

Vanquished Creatures
  A dart slug (D:1)
  A leopard gecko (D:1)
  A giant cockroach (D:1)
  2 goblins (D:1)
  A hobgoblin (D:1)
  2 kobolds (D:1)
  2 bats (D:1)
  2 rats (D:1)
12 creatures vanquished.

Notes
Turn   | Place    | Note
-------+----------+-------------------------------------------
     0 | D:1      | Kairos the Vine Stalker Assassin began the quest for the
                  | Orb.
     0 | D:1      | Reached XP level 1. HP: 11/11 MP: 2/2
    63 | D:1      | Reached skill level 5 in Stealth
   139 | D:1      | Reached XP level 2. HP: 8/15 MP: 1/3
   832 | D:1      | Quit the game

Skill      XL: |  1 |
---------------+----+-----
Stealth        | 5 |  5.7
Fighting       | |  1.8
Short Blades   | |  1.8
Throwing       | |  1.7
Dodging        | |  0.7

Action                   || total
-------------------------++-------
Melee: Dagger            ||    38
       Bite              ||     4
  Use: Scroll            ||     4
 Stab: Sleeping          ||     4
Armor: Robe              ||     6
Dodge: Dodged            ||    13
